 Dungeon Crawl Stone Soup version 0.31-a0-216-g22e908d (webtiles) character file.

Game seed: 8131803072720291533

53900 lyrin the Crack Shot (level 14, -10/91 HPs)
             Began as a Deep Elf Hunter on July 2, 2023.
             Was a High Priest of Fedhas.
             Shot with an arrow by a centaur warrior (25 damage)
             ... on level 14 of the Dungeon.
             The game lasted 00:48:33 (18478 turns).

lyrin the Crack Shot (Deep Elf Hunter)             Turns: 18478, Time: 00:48:33

Health: -10/91     AC:  8    Str:  8    XL:     14   Next: 32%
Magic:  23/23      EV: 20    Int: 18    God:    Fedhas [*****.]
Gold:   216        SH:  0    Dex: 26    Spells: 20/22 levels left

rFire   + . .        O - +27 heavy crossbow "Sniper" {heavy, Acc+∞ SInv}
rCold   . . .        (shield currently unavailable)
rNeg    . . .        J - +2 leather armour {rF+}
rPois   .            (no helmet)
rElec   .            M - +1 cloak {Stlth+}
rCorr   .            (no gloves)
SInv    +            q - +0 pair of boots
Will    +....        K - amulet of the acrobat
Stlth   ++++         C - +6 ring of dexterity
HPRegen 0.35/turn    o - +5 ring of evasion
MPRegen 0.18/turn

%: acrobat
@: no status effects
A: no striking features
a: Renounce Religion, Wall of Briars, Grow Ballistomycete, Overgrow, Grow Oklob


You were on level 14 of the Dungeon.
You worshipped Fedhas.
Fedhas was extremely pleased with you.
You visited 4 branches of the dungeon, and saw 19 of its levels.
You also visited: Ossuary.

You collected 1256 gold pieces.
You spent 1040 gold pieces at shops.

Inventory:

Hand Weapons
 n - a +4 rapier
 O - the +27 heavy crossbow "Sniper" (weapon) {heavy, Acc+∞ SInv}
   (You bought it in a shop on level 6 of the Dungeon)

   Acc+∞: It never misses its target.
   SInv:      It lets you see invisible.
 T - a +3 shortbow
 W - a +2 scimitar of flaming
Missiles
 g - 29 poisoned darts
Armour
 i - the +3 scale mail "Parraac" {Fly}
   (You found it on level 4 of the Dungeon)

   Fly:       It grants you flight.
 q - a +0 pair of boots (worn)
 s - a scarf of invisibility
 z - a +0 cloak
 J - a +2 leather armour of fire resistance (worn)
 M - a +1 cloak of stealth (worn)
Magical Staves
 f - a staff of air
Jewellery
 o - a +5 ring of evasion (right hand)
 r - a +6 ring of intelligence
 C - a +6 ring of dexterity (left hand)
 K - an amulet of the acrobat (around neck)
 P - a ring of poison resistance
 U - a ring of flight
Wands
 A - a wand of iceblast (16)
 N - a wand of acid (2)
Scrolls
 a - a scroll of torment {unknown}
 b - 2 scrolls of butterflies
 d - 3 scrolls of blinking
 h - 3 scrolls of brand weapon
 j - 2 scrolls of enchant armour {unknown}
 m - 2 scrolls of poison {unknown}
 u - 3 scrolls of fog {unknown}
 w - 3 scrolls of fear {unknown}
 x - 3 scrolls of enchant weapon {unknown}
 y - 5 scrolls of teleportation
 D - 3 scrolls of revelation {unknown}
 F - 2 scrolls of vulnerability {unknown}
 G - 3 scrolls of amnesia
 Q - 2 scrolls of identify
 V - a scroll of immolation {unknown}
Potions
 c - 2 potions of enlightenment
 k - 3 potions of attraction
 l - 4 potions of might
 t - a potion of brilliance {unknown}
 v - 2 potions of cancellation
 B - 4 potions of lignification
 E - 4 potions of heal wounds {unknown}
 H - a potion of mutation {unknown}
 L - a potion of curing
 R - 2 potions of ambrosia {unknown}
 S - a potion of resistance {unknown}


   Skills:
 + Level 11.9 Fighting
 + Level 1.0 Short Blades
 + Level 22.8 Ranged Weapons
 + Level 1.2 Throwing
 - Level 3.0 Armour
 - Level 5.0 Dodging
 + Level 5.1 Stealth
 * Level 4.7 Spellcasting
 - Level 2.0 Transmutations
 * Level 8.7 Invocations
 + Level 2.8 Evocations


You had 20 spell levels left.
You knew the following spells:

 Your Spells              Type           Power      Damage    Failure   Level
a - Wereblood             Tmut           11%        N/A       13%         2

Your spell library contained the following spells:

 Spells                   Type           Power      Damage    Failure   Level
 Beastly Appendage        Tmut           22%        N/A       9%          1
 Spider Form              Tmut/Pois      7%         N/A       36%         3
 Hailstorm                Conj/Ice       4%         3d4       50%         3
 Ice Form                 Ice/Tmut       7%         N/A       77%         4
 Alistair's Intoxication  Tmut/Pois      4%         N/A       98%         5
 Borgnjor's Vile Clutch   Necr/Erth      2%         N/A       99%         5
 Eringya's Noxious Bog    Tmut/Pois      3%         N/A       100%        6
 Simulacrum               Ice/Necr       2%         N/A       100%        6


Dungeon Overview and Level Annotations

Branches:
Dungeon (15/15)            Temple (1/1) D:6            Lair (1/5) D:10
    Orc (2/2) D:9             Elf (0/3) Orc:2        Depths (0/4) D:15
Ossuary (visited)
 Vaults: D:13-14

Altars:
Ashenzari
Cheibriados
Elyvilon
Fedhas
Gozag
Hepliaklqana
Kikubaaqudgha
Makhleb
Okawaru
Ru
Sif Muna
Trog
Uskayaw
Vehumet
Wu Jian
Xom
Yredelemnul
The Shining One

Shops:
D:6 (   D:12 =   Orc:2 (?

Annotations:
D:2 1 runed translucent door, Crazy Yiuf
D:4 Pikel
D:6 3 runed translucent doors, PiratePeteNZ's ghost, novice DrEE
D:15 exclusion: 4 doors
Orc:2 exclusion: upstairs


Message History

You shoot a bolt. The bolt hits the boulder beetle!!!
The boulder beetle is severely wounded.
You hear a horrible gurgling sound!
You hear a shout!
You shoot a bolt. The bolt hits the boulder beetle!!!
You kill the boulder beetle!
Fedhas appreciates your contribution to the ecosystem.
You can now grow an oklob plant.
You shoot a bolt. The brown ugly thing gurgles horribly!
The bolt hits the brown ugly thing!!!
You kill the brown ugly thing!
Fedhas appreciates your contribution to the ecosystem.
You shoot a bolt.
The brown ugly thing gurgles horribly! x2
The bolt hits the brown ugly thing!!!
The brown ugly thing is severely wounded.
You shoot a bolt. The centaur warrior shouts!
The bolt hits the brown ugly thing!!!
You kill the brown ugly thing!
Fedhas appreciates your contribution to the ecosystem.
The centaur warrior shoots an arrow.
The arrow misses you.
The centaur warrior shoots an arrow.
The arrow closely misses you.
The centaur warrior shoots an arrow.
The arrow hits you!!
You shoot a bolt. The bolt hits the brown ugly thing!!!!
You kill the brown ugly thing!
Fedhas appreciates your contribution to the ecosystem.
The centaur warrior shoots an arrow.
The arrow hits you!
The centaur warrior shoots an arrow.
The arrow closely misses you.
You shoot a bolt. The centaur warrior shouts!
The bolt hits the centaur warrior!
The centaur warrior is moderately wounded.
The centaur warrior shoots an arrow.
The arrow hits you!!
The centaur warrior shoots an arrow.
The arrow hits you!!
* * * LOW HITPOINT WARNING * * *
The centaur warrior shoots an arrow.
The arrow closely misses you.
The centaur warrior shoots an arrow.
The arrow hits you!!
You die...
Fedhas appreciates your contribution to the ecosystem.

.......#.......>.#
#....###....##...##
#######.##.†......# .##
###.(.......###
..###....#........####
..##(..###.........#.## ..#..#
........#..........#..####.....#
.....#####.............#.......#
.....## #......@......##......#
......####.....................##
.......##......####c............#
......###.......###.............#
.......###.....................##
.......#.........u....##.....###.
...._....c...>......####..#......
...............†....# #..#..<...
................c..#####.........


You could see 2 centaur warriors.

Vanquished Creatures
  An ironbound preserver (D:14)
  An entropy weaver (shapeshifter) (D:11)
  2 hydras
  Erolcha (Orc:2)
  A catoblepas (D:14)
  Fannar (D:10)
  5 boulder beetles
  5 ogre magi
  15 two-headed ogres
  4 centaur warriors
  2 tengu warriors (D:13)
  7 skeletal warriors
  A deep troll (D:15)
  2 slime creatures (D:15)
  3 wizards (D:14)
  2 orc knights (D:15)
  3 deep elf pyromancers
  A wolf spider (D:15)
  10 ugly things
  2 manticores
  2 orc sorcerers (Orc:2)
  4 cyclopes
  A salamander (shapeshifter) (D:13)
  A cane toad (D:10)
  2 unseen horrors
  A yaktaur (D:15)
  An efreet (D:14)
  Psyche (D:11)
  2 kobold demonologists
  2 tengu conjurers (D:14)
  6 trolls
  2 hornets
  3 meliai (D:13)
  A spriggan (shapeshifter) (D:13)
  9 yaks
  3 shadows
  A centaur simulacrum (D:13)
  A wyvern (D:10)
  2 basilisks
  Eustachio (D:5)
  4 vampire mosquitoes (D:13)
  A warg (Orc:2)
  Menkaure (Ossuary)
  2 steam dragons (D:8)
  2 water moccasins
  A sky beast (D:8)
  10 orc warriors
  A black bear (D:6)
  4 boggarts (D:15)
  23 ogres
  5 centaurs
  3 phantoms
  A lemure (D:3)
  2 kobold brigands
  3 bullfrogs
  2 scorpions (D:6)
  A gnoll sergeant (D:8)
  A wight (D:8)
  2 troll zombies
  7 howler monkeys
  2 centaur zombies (Ossuary)
  A jelly (D:4)
  4 hounds
  9 orc priests
  Jessica (D:2)
  3 iguanas
  16 orc wizards
  Terence (D:2)
  9 ogre zombies
  5 mummies (Ossuary)
  11 gnolls
  5 adders
  2 shadow imps
  2 white imps
  4 adder zombies (Ossuary)
  2 worms
  5 dart slugs
  62 orcs
  10 ball pythons
  8 bats
  4 endoplasms
  5 giant cockroaches
  5 goblins
  11 hobgoblins
  3 jackals (D:1)
  5 quokkas
  3 frilled lizards
  2 gnoll zombies (Ossuary)
  A goblin skeleton (D:9)
  8 goblin zombies
  A hobgoblin skeleton (D:9)
  6 hobgoblin zombies
  15 kobolds
  3 kobold zombies (Ossuary)
  3 orc skeletons (D:9)
  14 orc zombies (D:9)
  7 quokka zombies (Ossuary)
  4 rats
  A rat zombie (Ossuary)
454 creatures vanquished.

Vanquished Creatures (collateral kills)
  A shadow (D:9)
  9 ballistomycete spores (Orc:2)
10 creatures vanquished.

Vanquished Creatures (others)
  A boggart (D:15)
  3 ballistomycete spores (Orc:2)
4 creatures vanquished.

Grand Total: 468 creatures vanquished

Notes
Turn   | Place    | Note
-------+----------+-------------------------------------------
     0 | D:1      | lyrin the Deep Elf Hunter began the quest for the Orb.
     0 | D:1      | Reached XP level 1. HP: 12/12 MP: 3/3
   396 | D:1      | Reached XP level 2. HP: 17/17 MP: 4/4
   480 | D:1      | Reached skill level 6 in Ranged Weapons
   679 | D:1      | Reached XP level 3. HP: 21/21 MP: 5/5
   784 | D:1      | Noticed an eye of devastation
   814 | D:1      | Noticed an eye of devastation
   818 | D:1      | Found a faded altar of an unknown god.
   841 | D:1      | Noticed a shining eye
   841 | D:1      | Noticed a golden eye
  1053 | D:2      | Noticed Jessica
  1073 | D:2      | Killed Jessica
  1074 | D:2      | Reached XP level 4. HP: 27/27 MP: 6/6
  1609 | D:2      | Found a runed translucent door.
  1610 | D:2      | Noticed Crazy Yiuf
  1727 | D:3      | Reached skill level 7 in Ranged Weapons
  2007 | D:3      | Noticed Terence
  2012 | D:3      | Identified the +1 whip of Dismemberment {antimagic, Contam
                  | rPois Int+3 Dex+2}
  2024 | D:2      | Killed Terence
  2025 | D:2      | Reached XP level 5. HP: 25/31 MP: 7/7
  2841 | D:4      | Identified the +3 scale mail "Parraac" {Fly}
  2935 | D:4      | Noticed a phantom
  3134 | D:4      | Reached skill level 8 in Ranged Weapons
  3235 | D:4      | Noticed Pikel
  3235 | D:4      | Noticed a lemure
  3235 | D:4      | Noticed a lemure
  3235 | D:4      | Noticed a lemure
  3235 | D:4      | Noticed a lemure
  3303 | D:3      | Killed a lemure
  3449 | D:4      | Killed a phantom
  3450 | D:4      | Reached XP level 6. HP: 32/37 MP: 8/8
  4035 | D:5      | Entered Level 5 of the Dungeon
  4050 | D:5      | Reached skill level 9 in Ranged Weapons
  4136 | D:5      | Reached skill level 1 in Armour
  4136 | D:5      | Reached XP level 7. HP: 41/41 MP: 9/9
  4185 | D:5      | Found a sand-covered staircase.
  4191 | Ossuary  | Entered an ossuary
  4470 | Ossuary  | Noticed Menkaure
  4482 | Ossuary  | Killed Menkaure
  4483 | Ossuary  | Reached skill level 10 in Ranged Weapons
  4956 | D:5      | Reached skill level 1 in Evocations
  4956 | D:5      | Reached XP level 8. HP: 29/46 MP: 10/10
  5347 | D:5      | Reached skill level 11 in Ranged Weapons
  5851 | D:6      | Found Zoaddi's Weapon Boutique.
  5886 | D:6      | Noticed a hornet
  5891 | D:6      | Killed a hornet
  6324 | D:6      | Noticed Eustachio
  6358 | D:5      | Killed Eustachio
  6359 | D:5      | Reached skill level 12 in Ranged Weapons
  6549 | D:6      | Noticed a troll
  7086 | D:6      | Reached XP level 9. HP: 52/52 MP: 11/11
  7140 | D:6      | Found a runed translucent gate.
  7141 | D:6      | Found a runed translucent gate.
  7142 | D:6      | Found a runed translucent gate.
  7143 | D:6      | Noticed PiratePeteNZ's ghost (novice DrEE)
  7144 | D:6      | Noticed a kobold demonologist
  7159 | D:6      | Noticed a kobold demonologist
  7289 | D:6      | Found a staircase to the Ecumenical Temple.
  7301 | Temple   | Entered the Ecumenical Temple
  7338 | Temple   | Became a worshipper of Fedhas Madash
  7590 | D:7      | Reached skill level 1 in Invocations
  7756 | D:7      | Reached * piety under Fedhas
  7762 | D:7      | Reached skill level 13 in Ranged Weapons
  7823 | D:7      | Found an opulent altar of Gozag.
  7944 | D:7      | Noticed a kobold demonologist
  7949 | D:7      | Killed a kobold demonologist
  8729 | D:8      | Learned a level 2 spell: Wereblood
  8969 | D:8      | Reached skill level 5 in Fighting
  8969 | D:8      | Reached skill level 14 in Ranged Weapons
  8969 | D:8      | Reached skill level 1 in Throwing
  8969 | D:8      | Reached skill level 1 in Transmutations
  9563 | D:8      | Reached XP level 10. HP: 37/59 MP: 15/15
 10052 | D:9      | Reached ** piety under Fedhas
 10562 | D:9      | Reached skill level 1 in Short Blades
 10709 | D:9      | Reached skill level 15 in Ranged Weapons
 10939 | D:9      | Found a staircase to the Orcish Mines.
 10958 | D:9      | Reached *** piety under Fedhas
 11106 | D:10     | Entered Level 10 of the Dungeon
 11181 | D:10     | Noticed Fannar
 11219 | D:10     | Reached skill level 1 in Spellcasting
 11267 | D:10     | Reached skill level 5 in Invocations
 11641 | D:10     | Noticed a death yak
 11643 | D:10     | Noticed a death yak
 11662 | D:10     | Reached skill level 16 in Ranged Weapons
 11667 | D:10     | Found a staircase to the Lair.
 11831 | D:10     | Killed Fannar
 11838 | D:10     | Reached XP level 11. HP: 66/66 MP: 14/17
 11851 | D:10     | Noticed a death yak
 12026 | Lair:1   | Entered Level 1 of the Lair of Beasts
 12107 | Orc:1    | Entered Level 1 of the Orcish Mines
 12276 | Orc:2    | Entered Level 2 of the Orcish Mines
 12358 | Orc:1    | Noticed a two-headed ogre
 12377 | Orc:2    | Found a staircase to the Elven Halls.
 12604 | Orc:2    | Noticed Erolcha
 12671 | Orc:2    | Noticed a two-headed ogre
 12689 | Orc:2    | Killed a two-headed ogre
 12690 | Orc:2    | Reached skill level 5 in Dodging
 12834 | Orc:2    | Found Paitunod's Magic Scroll Shop.
 12937 | Orc:2    | Noticed an orc sorcerer
 12940 | Orc:2    | Noticed an orc sorcerer
 12952 | Orc:2    | Killed an orc sorcerer
 12953 | Orc:2    | Reached skill level 17 in Ranged Weapons
 12954 | Orc:2    | Killed an orc sorcerer
 12968 | Orc:2    | Found Qisiymm's Antique Weapon Shop.
 13280 | Orc:2    | Noticed a two-headed ogre
 13281 | Orc:2    | Noticed a two-headed ogre
 13295 | Orc:2    | Killed a two-headed ogre
 13302 | Orc:2    | Noticed an ogre mage
 13314 | Orc:2    | Killed an ogre mage
 13328 | Orc:2    | Killed a two-headed ogre
 13337 | Orc:2    | Noticed a two-headed ogre
 13338 | Orc:2    | Noticed a two-headed ogre
 13340 | Orc:2    | Noticed a two-headed ogre
 13361 | Orc:2    | Killed a two-headed ogre
 13370 | Orc:2    | Killed a two-headed ogre
 13380 | Orc:2    | Killed a two-headed ogre
 13401 | Orc:2    | Noticed a two-headed ogre
 13414 | Orc:2    | Killed a two-headed ogre
 13415 | Orc:2    | Reached XP level 12. HP: 64/75 MP: 13/19
 13444 | Orc:2    | Killed Erolcha
 13445 | Orc:2    | Reached skill level 18 in Ranged Weapons
 13500 | Orc:2    | Noticed a two-headed ogre
 13502 | Orc:2    | Noticed a two-headed ogre
 13511 | Orc:2    | Killed a two-headed ogre
 13523 | Orc:2    | Noticed an ogre mage
 13523 | Orc:2    | Noticed an ogre mage
 13525 | Orc:2    | Noticed a two-headed ogre
 13534 | Orc:2    | Paralysed by something for 5 turns
 13559 | Orc:2    | Killed a two-headed ogre
 13565 | Orc:2    | Killed an ogre mage
 13566 | Orc:2    | Killed an ogre mage
 13622 | Orc:2    | Noticed a two-headed ogre
 13629 | Orc:2    | Killed a two-headed ogre
 13687 | Orc:2    | Noticed a two-headed ogre
 13690 | Orc:2    | Noticed an ogre mage
 13701 | Orc:2    | Killed an ogre mage
 13702 | Orc:2    | Noticed a two-headed ogre
 13711 | Orc:2    | Killed a two-headed ogre
 13864 | D:6      | Bought the +27 heavy crossbow "Sniper" {heavy, Acc+∞ SInv}
                  | for 1040 gold pieces
 13864 | D:6      | Found the +27 heavy crossbow "Sniper" {heavy, Acc+∞ SInv}
 14014 | D:11     | Reached skill level 19 in Ranged Weapons
 14072 | D:11     | Reached skill level 10 in Fighting
 14165 | D:11     | Noticed Psyche
 14166 | D:11     | Killed Psyche
 14253 | D:11     | Noticed an entropy weaver
 14254 | D:11     | Killed an entropy weaver
 14405 | D:11     | Noticed a two-headed ogre
 14408 | D:11     | Killed a two-headed ogre
 14534 | D:12     | Noticed a boulder beetle
 14537 | D:12     | Killed a boulder beetle
 14577 | D:12     | Noticed a boulder beetle
 14580 | D:12     | Killed a boulder beetle
 14685 | D:12     | Reached XP level 13. HP: 83/83 MP: 21/21
 14847 | D:12     | Reached skill level 20 in Ranged Weapons
 15010 | D:12     | Found Rinni's Jewellery Boutique.
 15240 | D:12     | Found a glowing golden altar of the Shining One.
 15533 | D:13     | Reached **** piety under Fedhas
 15620 | D:13     | You fall into a shaft and drop 2 floors!
 15620 | D:15     | Entered Level 15 of the Dungeon
 15738 | D:15     | Reached skill level 21 in Ranged Weapons
 15738 | D:15     | Reached skill level 5 in Stealth
 15977 | D:15     | Found a staircase to the Depths.
 16538 | D:13     | Reached skill level 22 in Ranged Weapons
 17055 | D:14     | Reached XP level 14. HP: 89/91 MP: 22/22
 17588 | D:14     | Noticed an ironbound preserver
 17590 | D:14     | Killed an ironbound preserver
 17755 | D:14     | HP: 3/91 [centaur warrior/arrow (23)]
 18399 | D:14     | Found a shimmering altar of Xom.
 18469 | D:14     | Reached ***** piety under Fedhas
 18478 | D:14     | Shot with an arrow by a centaur warrior

Illustrated notes

Levels and vault maps discovered:
D:1:      minmay_arrival_cross, layout_basic,
          hellmonk_ecumenical_altar_watching_god
D:2:      layout_basic, uniq_crazy_yiuf_cottage, uniq_jessica
D:3:      layout_basic, hex_large, uniq_terence
D:4:      layout_basic, uniq_pikel
D:5:      layout_gridville, nicolae_ossuary_entry_plus, due_unseen_surprise
D:6:      layout_rooms, minmay_temple_entry_poolview, gammafunk_ghost_split,
          serial_shops, nicolae_shop_hallway_stairs, uniq_eustachio
D:7:      layout_cave_pods, nicolae_overflow_crystal_walls
D:8:      layout_loops_corners, kennysheep_generic_room_2
D:9:      layout_roguey, zombieorc2_lemuel
D:10:     layout_basic, dpeg_lair_monsters, uniq_fannar
D:11:     layout_basic, uniq_psyche
D:12:     layout_loops_corners, serial_shops, shop, minmay_misc_feat_rugged,
          tso_oasis_becter
D:13:     layout_basic
D:14:     layout_cave_pools, skrybe_vaults_entry_preservation, basic_altar,
          eino_small_chamber_without_monster
D:15:     hangedman_slaughterboxes
Temple:   grunt_wide_crystal_templ
Lair:1:   layout_small_grid, st_stairs_3, nicolae_lair_grazing_beasts
          [nicolae_sub_lair_graze_edge, nicolae_sub_lair_graze_edge,
          nicolae_sub_lair_graze_edge, nicolae_sub_lair_graze_edge]
Orc:1:    layout_caves, serial_shops, nicolae_diamond_shop
Orc:2:    st_orc_ogre_mass, layout_diamond_mine, basic_altar, serial_shops,
          shop, nicolae_shop_temple_entry_statues_fountains, uniq_erolcha

Skill      XL: |  1  2  3  4  5  6  7  8  9 10 11 12 13 14 |
---------------+-------------------------------------------+-----
Ranged Weapons | 6 7 8 9 10 12 14 16 17 19 22 | 22.8
Fighting       | 2 3 4 5 6 8 10 11 | 11.9
Dodging        | 3 4 5 |  5.0
Armour         | 1 3 |  3.0
Stealth        | 2 3 4 5 |  5.1
Evocations     | 1 2 |  2.8
Invocations    | 4 5 7 8 |  8.7
Throwing       | 1 |  1.2
Transmutations | 1 2 |  2.0
Short Blades   | 1 |  1.0
Spellcasting   | 2 3 4 |  4.7

Action                     |  1- 3 |  4- 6 |  7- 9 | 10-12 | 13-15 || total
---------------------------+-------+-------+-------+-------+-------++-------
  Melee: Rapier            |       |       |     9 |       |       ||     9
   Fire: Shortbow          |    99 |   199 |   235 |       |       ||   533
         Orcbow            |       |       |   216 |   591 |       ||   807
         Heavy crossbow    |       |       |       |    24 |   137 ||   161
  Throw: Dart              |       |    14 |     3 |       |       ||    17
         Throwing net      |       |       |     1 |       |       ||     1
 Invoke: Wall of Briars    |       |       |       |    14 |     3 ||    17
         Grow Ballistomyce |       |       |       |     4 |       ||     4
  Evoke: Wand              |       |       |    13 |     2 |       ||    15
    Use: Scroll            |       |     6 |     3 |     4 |     1 ||    14
         Potion            |       |       |     6 |       |       ||     6
 Armour: Leather armour    |     6 |       |    11 |    15 |     6 ||    38
         Robe              |       |     2 |       |       |       ||     2
         Scale mail        |       |    31 |    69 |       |       ||   100
  Dodge: Dodged            |    22 |    97 |   195 |   112 |   103 ||   529

Table legend: (Time is in decaauts)
 A = Elapsed time spent in this place.
 B = Non-inter-level travel time spent in this place.
 C = Inter-level travel time spent in this place.
 D = Time resting spent in this place.
 E = Time spent auto-exploring this place.
 F = Levels seen in this place.
 G = Mean time per level.
                   A        B        C        D        E       F      G
               +--------+--------+--------+--------+--------+-----+--------+
         Total |  18655 |  17745 |    910 |   4643 |   8679 |  20 |  932.8 |
       Dungeon |  16236 |  15357 |    879 |   4174 |   7846 |  15 | 1082.4 |
        Temple |     50 |     38 |     12 |      0 |     18 |   1 |   50.0 |
          Lair |      1 |      1 |      0 |      0 |      0 |   1 |    1.0 |
  Orcish Mines |   1612 |   1593 |     19 |    399 |    592 |   2 |  806.0 |
       Ossuary |    755 |    755 |      0 |     69 |    223 |   1 |  755.0 |
               +--------+--------+--------+--------+--------+-----+--------+

Top non-repeatable levels by time:
    D:13: 2008 daAuts
     D:5: 1683 daAuts
     D:9: 1360 daAuts
   Orc:2: 1331 daAuts
     D:8: 1283 daAuts
     D:4: 1146 daAuts
     D:6: 1144 daAuts
     D:7: 1076 daAuts
    D:12: 1035 daAuts
     D:1: 1034 daAuts
     D:3: 1017 daAuts
     D:2: 887 daAuts
    D:10: 879 daAuts
 Ossuary: 755 daAuts
    D:15: 735 daAuts
